 Dungeon Crawl Stone Soup version 0.16.0-14-g63f578d (console) character file.

67 gw the Skirmisher (level 4, -7/28 HPs)
             Began as a Tengu Abyssal Knight on Mar 19, 2015.
             Was a Priest of Lugonu.
             Mangled by a killer bee (8 damage)
             ... on level 3 of the Dungeon.
             The game lasted 00:02:06 (2789 turns).

gw the Skirmisher (Tengu Abyssal Knight)            Turns: 2789, Time: 00:02:06

Health: -7/28      AC:  5    Str: 12    XL:     4   Next: 18%
Magic:  6/6        EV: 11    Int: 12    God:    Lugonu [***...]
Gold:   130        SH:  0    Dex: 15    Spells: 0 memorised, 3 levels left

rFire  . . .     SeeInvis .     a - +2 mace
rCold  . . .     Clarity  .     l - +0 ring mail
rNeg   + . .     SustAb   .     (no shield)
rPois  .         Gourm    .     (helmet restricted)
rElec  .         Spirit   .     (no cloak)
rCorr  .         Warding  .     (no gloves)
rMut   .         Stasis   .     (boots unavailable)
MR     .....                    (no amulet)
Stlth  +.........               (no ring)
                                h - ring of positive energy

@: about to teleport, not resistant to hostile enchantments, very unstealthy
A: beak, talons 3
a: Depart the Abyss, Bend Space, Banish, Renounce Religion


You were on level 3 of the Dungeon.
You worshipped Lugonu.
Lugonu was most pleased with you.
You were not hungry.

You visited 1 branch of the dungeon, and saw 3 of its levels.
You visited the Abyss 1 time.

You collected 130 gold pieces.

Inventory:

Hand weapons
 a - a +2 mace (weapon)
Missiles
 d - 74 stones (quivered)
Armour
 l - a +0 ring mail (worn)
Jewellery
 h - a ring of positive energy (left hand)
Magical devices
 b - a wand of enslavement (10)
Scrolls
 f - 4 scrolls of identify
Potions
 e - a potion of ambrosia {unknown}
 i - a potion of curing {unknown}
Comestibles
 c - 2 bread rations
 j - 2 meat rations
 k - a beef jerky


   Skills:
 + Level 3.3 Fighting
 * Level 3.0 Maces & Flails
 + Level 1.4 Throwing
 - Level 2.1 Armour
 + Level 1.9 Dodging
 + Level 2.3 Invocations


You had 3 spell levels left.
You didn't know any spells.

Dungeon Overview and Level Annotations

Branches:
Dungeon (3/15)

Altars:
Ashenzari
Trog


Innate Abilities, Weirdness & Mutations

You have a beak for a mouth.
You have claws for feet.


Message History

Unknown command.
Unknown command.
Unknown command.
Read which item? (? for menu, Esc to quit)
As you read the scroll of teleportation, it crumbles to dust.
You feel strangely unstable. The killer bee stings you!
The killer bee stings you but does no damage.
The killer bee stings you. The killer bee barely misses you.
The killer bee stings you.
A killer bee comes into view.
Unknown command.
Unknown command.
Unknown command.
ATTACKING (-1,1)
You closely miss the killer bee.
The killer bee buzzes angrily.
You claw the killer bee.
The killer bee is lightly wounded.
The killer bee closely misses you. The killer bee stings you!
You die...

.¤~¤¤¤~~......#........######
..~~¤~~~¤.....####.###.#
..............# #.# #.#
...¤.........## ##.###.#
............#####...##.#
...........###....#....#
..........## #.##...########
#........## #.#....).......
####++#### #.#Q....######.
#.yyy........# ###.....####.
#y..>.# #y.yy.....#.#
...########.# .# .#


You could see 4 killer bees.

Table legend:
 A = Turns spent in this place as a percentage of turns spent in the entire game.
 B = Non-inter-level travel turns spent in this place as a percentage of non-inter-level travel turns spent in the entire game.
 C = Inter-level travel turns spent in this place as a percentage of turns spent in this place.
 D = Turns resting spent in this place as a percentage of non-inter-level travel turns spent in this place.
 E = Turns spent auto-exploring this place as a percentage of non-inter-level travel turns spent in this place.
 F = Non-inter-level travel turns spent in this place divided by the number of levels of this place that you've seen.
                   A       B       C       D       E      F
               +-------+-------+-------+-------+-------+----------------------
         Total | 100.0 | 100.0 |   0.3 |   1.0 |   2.8 | 964.5
       Dungeon |  99.6 |  99.6 |   0.3 |   1.0 |   2.8 | 1280.7
         Abyss |   0.4 |   0.4 |   0.0 |   0.0 |   6.2 |  16.0
               +-------+-------+-------+-------+-------+----------------------

Table legend:
 A = Kills in this place as a percentage of kills in entire the game.
 B = Kills by you in this place as a percentage of kills by you in the entire game.
 C = Kills by friends in this place as a percentage of kills by friends in the entire game.
 D = Other kills in this place as a percentage of other kills in the entire game.
 E = Experience gained in this place as a percentage of experience gained in the entire game.
 F = Experience gained in this place divided by the number of levels of this place that you have seen.
                   A       B       C       D       E      F
               +-------+-------+-------+-------+-------+----------------------
         Total | 100.0 | 100.0 |  -nan |  -nan | 100.0 |  24.2
       Dungeon | 100.0 | 100.0 |  -nan |  -nan | 100.0 |  32.3
               +-------+-------+-------+-------+-------+----------------------

Vanquished Creatures
  An adder (D:3)
  8 bats
  A giant cockroach (D:3)
  4 goblins
  4 hobgoblins
  8 jackals
  9 kobolds
  A ball python (D:1)
  5 giant geckos
  4 giant newts
  9 rats
54 creatures vanquished.

Notes
Turn   | Place    | Note
--------------------------------------------------------------
     0 | Abyss:1  | gw, the Tengu Abyssal Knight, began the quest for the Orb.
     0 | Abyss:1  | Reached XP level 1. HP: 14/14 MP: 1/1
    30 | Abyss:1  | Noticed a lich
    30 | D:1      | Escaped the Abyss
   165 | D:1      | Acquired Lugonu's first power
   426 | D:1      | Reached XP level 2. HP: 19/19 MP: 3/3
   744 | D:1      | Reached skill level 1 in Throwing
   910 | D:1      | Acquired Lugonu's second power
   956 | D:1      | Reached XP level 3. HP: 23/23 MP: 4/4
  1717 | D:2      | Found a shattered altar of Ashenzari.
  2384 | D:3      | Found a bloodstained altar of Trog.
  2502 | D:3      | Acquired Lugonu's third power
  2521 | D:3      | Reached XP level 4. HP: 15/28 MP: 6/6
  2788 | D:3      | HP: 1/28 [killer bee (6)]
  2789 | D:3      | Mangled by a killer bee

Action                   |  1- 3 |  4- 6 || total
-------------------------+-------+-------++-------
Melee: Mace              |    96 |     3 ||    99
Throw: Stone             |    84 |    11 ||    95
Invok: Depart the Abyss  |     1 |       ||     1
  Use: Scroll            |     5 |     1 ||     6
       Potion            |     2 |       ||     2
  Eat: Chunk             |     6 |       ||     6

Vault maps used:
D:1:      lightli_arrival_noodles, item_on_display_a
D:2:      evilmike_ruin_ashenzari
D:3:      old_standard_altar, lemuel_coloured_pillars_altar, first_bread,
          kennysheep_big_empty_room
